Map: Orbital Shipyard

Players

MorN

  • Race: Protoss Protoss
  • League: Master

JevynSlayer - Winner!

  • Race: Protoss Protoss
  • League: Platinum

VOD

Have the link to the VOD?

Description

Time

  • Played on: Nov. 17, 2015, 11:39 p.m.
  • Length: 8:28
Show
View Real Time Build Order
Export as new Build Order

MorN Protoss 

Build Orders: 1 Gate Expand, Blink Stalkers 

Get SALT Encoding   

  12  0:01  Probe (Chrono Boost)  
  13  0:12  Probe (Chrono Boost)  
  14  0:19  Pylon  
  14  0:25  Probe (Chrono Boost)  
  15  0:37  Probe (Chrono Boost)  
  15  0:39  Gateway  
  16  0:49  Assimilator  
  16  0:51  Probe (Chrono Boost)  
  17  1:02  Probe (Chrono Boost)  
  18  1:17  Nexus  
  18  1:21  Probe (Chrono Boost)  
  19  1:31  Cybernetics Core  
  19  1:42  Probe (Chrono Boost)  
  19  1:44  Assimilator  
  20  1:52  Probe (Chrono Boost)  
  21  2:03  Probe (Chrono Boost)  
  21  2:08  Warp Gate  
  22  2:13  Pylon  
  22  2:18  Gateway  
  22  2:28  Stalker  
  24  2:36  Twilight Council, Probe x2 (Chrono Boost)  
  26  2:46  Probe (Chrono Boost)  
  27  2:54  Gateway  
  27  2:58  Pylon  
  27  3:04  Stalker  
  29  3:07  Probe (Chrono Boost)  
  29  3:09  Probe (Chrono Boost), Blink (Chrono Boost)  
  31  3:20  Probe  
  31  3:21  Probe  
  33  3:33  Pylon  
  33  3:34  Stalker  
  35  3:41  Probe  
  35  3:48  Robotics Facility  
  36  3:49  Probe  
  36  3:53  Probe (Chrono Boost)  
  38  4:02  Probe (Chrono Boost)  
  39  4:05  Probe (Chrono Boost)  
  40  4:14  Probe (Chrono Boost)  
  40  4:15  Stalker x2  
  40  4:16  Probe (Chrono Boost)  
  46  4:19  Stalker  
  48  4:26  Probe (Chrono Boost)  
  48  4:27  Probe (Chrono Boost)  
  50  4:36  Observer  
  50  4:37  Mothership Core (Chrono Boost)  
  54  4:39  Probe (Chrono Boost)  
  54  4:47  Assimilator  
  54  4:51  Probe (Chrono Boost)  
  54  4:52  Assimilator  
  55  4:55  Probe (Chrono Boost)  
  55  4:56  Stalker  
  55  4:57  Stalker x2  
  62  5:11  Pylon  
  61  5:16  Probe (Chrono Boost)  
  61  5:34  Immortal  
  61  5:35  Stalker x2  
  67  5:37  Nexus  
  67  5:43  Probe (Chrono Boost)  
  67  5:48  Probe (Chrono Boost)  
  69  5:53  Probe (Chrono Boost)  
  69  5:55  Pylon  
  69  5:56  Pylon  
  70  5:59  Pylon  
  70  6:02  Pylon  
  70  6:04  Pylon  
  70  6:05  Pylon  
  70  6:11  Stalker  
  70  6:20  Gateway  
  70  6:21  Gateway  
  70  6:23  Gateway  
  70  6:25  Immortal  
  74  6:26  Stalker  
  74  6:27  Stalker  
  74  6:29  Probe (Chrono Boost)  
  76  6:57  Probe (Chrono Boost)  
  76  6:58  Probe (Chrono Boost), Robotics Bay  
  76  6:59  Probe (Chrono Boost)  
  79  7:02  Assimilator  
  79  7:06  Assimilator  
  79  7:08  Probe x2 (Chrono Boost)  
  81  7:10  Pylon  
  81  7:11  Probe (Chrono Boost)  
  81  7:13  Stalker x3  
  88  7:18  Probe (Chrono Boost)  
  88  7:19  Probe (Chrono Boost)  
  88  7:20  Forge  
  91  7:23  Probe (Chrono Boost), Forge  
  87  7:44  Stalker x6  
  77  7:47  Probe (Chrono Boost)  
  77  7:48  Probe (Chrono Boost)  
  77  7:49  Probe (Chrono Boost)  
  78  7:57  Probe (Chrono Boost)  
  78  7:58  Probe (Chrono Boost)  
  80  8:00  Probe (Chrono Boost)  
  82  8:18  Stalker x2  
  82  8:19  Stalker x4  
Show
View Real Time Build Order
Export as new Build Order

JevynSlayer Protoss - Winner!

Build Orders: Nexus First 

Get SALT Encoding   

  12  0:02  Probe (Chrono Boost)  
  13  0:12  Probe (Chrono Boost)  
  14  0:17  Pylon  
  14  0:23  Probe (Chrono Boost)  
  15  0:36  Probe (Chrono Boost)  
  16  0:46  Probe (Chrono Boost)  
  18  0:57  Probe (Chrono Boost)  
  18  1:03  Nexus  
  18  1:07  Probe (Chrono Boost)  
  19  1:18  Gateway  
  19  1:24  Probe (Chrono Boost), Assimilator  
  20  1:30  Assimilator  
  20  1:34  Probe (Chrono Boost)  
  21  1:45  Probe (Chrono Boost)  
  22  1:47  Pylon  
  22  1:55  Probe (Chrono Boost)  
  23  2:06  Probe (Chrono Boost)  
  23  2:07  Cybernetics Core  
  24  2:17  Probe x2 (Chrono Boost)  
  26  2:27  Probe x2 (Chrono Boost)  
  28  2:38  Probe x2 (Chrono Boost)  
  30  2:46  Warp Gate (Chrono Boost)  
  30  2:47  Probe  
  30  2:48  Probe  
  32  2:53  Sentry  
  32  2:56  Assimilator  
  32  2:57  Probe  
  34  3:00  Probe, Pylon  
  34  3:01  Assimilator  
  36  3:07  Gateway  
  36  3:08  Probe  
  39  3:13  Mothership Core  
  39  3:14  Pylon  
  39  3:18  Probe  
  40  3:29  Probe  
  40  3:30  Twilight Council  
  40  3:34  Probe  
  42  3:39  Probe  
  42  3:40  Gateway  
  43  3:46  Probe  
  43  3:48  Robotics Facility  
  44  3:50  Probe  
  45  3:58  Probe  
  45  4:00  Probe  
  47  4:07  Nexus  
  47  4:11  Blink  
  47  4:20  Pylon  
  47  4:23  Probe (Chrono Boost)  
  48  4:31  Probe (Chrono Boost)  
  49  4:34  Probe (Chrono Boost)  
  49  4:35  Pylon  
  49  4:36  Stalker x2  
  54  4:38  Stalker  
  54  4:43  Observer (Chrono Boost)  
  57  4:49  Robotics Bay  
  57  5:00  Stalker  
  57  5:03  Stalker  
  57  5:04  Immortal (Chrono Boost)  
  65  5:08  Stalker  
  61  5:23  Stalker  
  61  5:30  Stalker  
  61  5:31  Stalker  
  63  5:38  Probe x2  
  63  5:39  Probe  
  66  5:45  Gateway  
  66  5:47  Gateway  
  66  5:49  Stalker  
  68  5:51  Probe  
  68  5:54  Pylon  
  68  5:56  Assimilator  
  69  5:58  Disruptor (Chrono Boost)  
  69  6:00  Stalker  
  69  6:01  Assimilator  
  74  6:11  Stalker  
  76  6:17  Stalker  
  76  6:18  Probe x2  
  78  6:19  Probe  
  81  6:28  Probe x2  
  81  6:29  Disruptor (Chrono Boost)  
  81  6:31  Probe  
  87  6:33  Robotics Facility  
  87  6:37  Stalker x2  
  87  6:39  Probe x2  
  91  6:43  Probe  
  92  6:50  Stalker  
  94  6:54  Probe x2  
  94  6:56  Probe  
  94  7:00  Pylon  
  100  7:11  Warp Prism (Chrono Boost)  
  100  7:12  Stalker  
  100  7:14  Nexus  
  101  7:25  Stalker  
  101  7:26  Stalker x3  
  108  7:31  Pylon  
  108  7:32  Pylon  
  102  7:46  Stalker  
  104  7:58  Disruptor (Chrono Boost)  
  110  8:05  Pylon  
  110  8:07  Pylon  
Tags
 
Add a new tag
Caveats
  • Supply blocks, unpowered buildings, or Contaminate may cause inaccurate times.
  • Supply counts are checked every 10 seconds.